 Dungeon Crawl Stone Soup version 0.23.2-1-ga50397a (webtiles) character file.

Game seed: 7655308149237388621

1543 whitewolfNL the Ruffian (level 8, 0/78 HPs)
             Began as a Troll Berserker on May 7, 2019.
             Was an Elder of Trog.
             Slain by Dowan
             ... wielding a +0 dagger
              (6 damage)
             ... on level 6 of the Dungeon.
             The game lasted 00:16:05 (4362 turns).

whitewolfNL the Ruffian (Troll Berserker)           Turns: 4362, Time: 00:16:06

Health: 0/78       AC:  0    Str: 26    XL:     8   Next: 56%
Magic:  8/8        EV: 16    Int:  3    God:    Trog [****..]
Gold:   328        SH:  0    Dex: 11    Spells: 7/7 levels left

rFire    . . .     SeeInvis .     - Unarmed
rCold    . . .     Gourm    +   (shield currently unavailable)
rNeg     . . .     Faith    .   (armour currently unavailable)
rPois    .         Spirit   .   (helmet currently unavailable)
rElec    .         Reflect  .   (cloak currently unavailable)
rCorr    .         Harm     .   (gloves unavailable)
MR       .....                  (boots unavailable)
Stlth    +.........             x - amulet of the acrobat
HPRegen  0.63/turn              (ring currently unavailable)
MPRegen  0.11/turn              (ring currently unavailable)

@: pig-form, berserk cooldown, slowed, glowing
A: small, unfitting armour, fast metabolism 3, gourmand, regeneration 1
a: Berserk, Trog's Hand, Brothers in Arms, Renounce Religion


You were on level 6 of the Dungeon.
You worshipped Trog.
Trog was greatly pleased with you.
You were full.
You were a filthy swine.
You visited 1 branch of the dungeon, and saw 6 of its levels.

You collected 328 gold pieces.

Inventory:

Hand Weapons
 F - a +1 hand axe of electrocution
Missiles
 d - 6 javelins (quivered)
 e - 81 sling bullets
 l - 86 bolts
 m - 175 stones
 v - 50 arrows
 J - 12 tomahawks
 L - 13 poisoned needles
Armour
 a - a +0 animal skin (melded)
 z - a +1 cloak (melded)
Jewellery
 r - a ring of flight (melded)
 x - an amulet of the acrobat (around neck)
 I - an uncursed amulet of regeneration
Wands
 s - a wand of enslavement (11)
Scrolls
 c - 2 scrolls of amnesia {unknown}
 f - 3 scrolls of identify
 g - 3 scrolls of teleportation {unknown}
 n - 4 scrolls of noise
 p - 3 scrolls of magic mapping {unknown}
 q - a scroll of remove curse {unknown}
 u - 3 scrolls of enchant armour
 y - a scroll of blinking {unknown}
 C - a scroll of enchant weapon {unknown}
 H - a scroll of fear {unknown}
Potions
 h - 4 potions of flight {unknown}
 i - a potion of invisibility {unknown}
 j - a potion of resistance {unknown}
 k - 2 potions of agility {unknown}
 o - 2 potions of lignification {unknown}
 t - a potion of berserk rage {unknown}
 w - 2 potions of brilliance {unknown}
 A - 2 potions of mutation {unknown}
 B - a potion of ambrosia {unknown}
 D - 2 potions of haste {unknown}
 E - a potion of degeneration {unknown}
 G - 3 potions of curing
 M - 2 potions of might {unknown}
Comestibles
 b - 12 rations
 K - 2 chunks of flesh


   Skills:
 * Level 4.1 Fighting
 * Level 3.5 Throwing
 + Level 4.1 Dodging
 - Level 2.0 Stealth
 + Level 6.9 Unarmed Combat
 * Level 2.5 Evocations


You had 7 spell levels left.
You didn't know any spells.
Your spell library was empty.

Dungeon Overview and Level Annotations

Branches:
Dungeon (6/15)             Temple (0/1) D:4

Altars:
Elyvilon
Gozag
Kikubaaqudgha
Nemelex Xobeh
Wu Jian
Xom
Yredelemnul
Zin

Shops:
D:4 !   D:5 =

Annotations:
D:5 1 runed translucent door
D:6 Dowan, Duvessa


Innate Abilities, Weirdness & Mutations

You are too large for most types of armour.
((You have claws for hands.))
Your metabolism is lightning-fast.
You like to eat raw meat.
Your natural rate of healing is unusually fast.
((You are covered in fur. (AC +1)))
((You have extremely tough skin. (AC +3)))


Message History

* * * LOW HITPOINT WARNING * * *
Dowan hits you but does no damage.
You fail to use your ability.
Duvessa zaps a wand.
You resist with some effort. Dowan closely misses you.
Duvessa hits you with a +0 short sword.
* * * LOW HITPOINT WARNING * * *
You're still recovering from your berserk rage.
You claw Duvessa!
Duvessa is severely wounded.
Duvessa zaps a wand.
You turn into a filthy swine.
Your +1 cloak melds into your body.
Your +0 animal skin melds into your body.
Your ring of flight melds into your body.
Dowan closely misses you. Duvessa misses you.
Dowan hits you but does no damage.
You hit Duvessa.
Duvessa is almost dead.
Duvessa misses you. Duvessa hits you with a +0 short sword.
* * * LOW HITPOINT WARNING * * *
Dowan hits you with a +0 dagger.
You die...

##.###.....##...'.
#..##.....######.
##)##.....# #.
#)#......# ... ..
#.....#+## ... ...
##....# ..
....######.####
... ............#
. #...eh....#
#...e...†.#
#.........#
#.........#
#.......%..#
#........#.#
#........#..#
#.....=..##.#
########## ..


You could see Duvessa and Dowan.

Vanquished Creatures
  The ghost of Jaiteiro the Charmwright, a novice GnSk (D:5)
  A sky beast (D:5)
  An ice beast (D:6)
  A necrophage (D:5)
  An ogre (D:4)
  A bullfrog (D:6)
  A scorpion (D:4)
  A howler monkey (D:4)
  A crimson imp (D:5)
  2 hounds
  3 orc wizards
  3 orc priests
  Crazy Yiuf (D:2)
  Terence (D:3)
  Natasha (twice) (D:3)
  A worker ant (D:4)
  2 hound skeletons
  7 adders
  A river rat (D:5)
  A shadow imp (D:5)
  4 worms
  5 leopard geckos
  18 orcs
  2 bat zombies (D:3)
  4 giant cockroaches
  6 goblins
  4 hobgoblins
  7 jackals (D:3)
  7 quokkas
  A ball python (D:3)
  9 bats
  5 frilled lizards
  5 kobolds
  13 rats
  A rat zombie (D:3)
124 creatures vanquished.

Notes
Turn   | Place    | Note
-------+----------+-------------------------------------------
     0 | D:1      | whitewolfNL the Troll Berserker began the quest for the
                  | Orb.
     0 | D:1      | Reached XP level 1. HP: 22/22 MP: 0/0
   109 | D:1      | Reached XP level 2. HP: 29/29 MP: 1/1
   797 | D:2      | Reached XP level 3. HP: 33/36 MP: 2/2
   917 | D:2      | Found an ornate altar of the Wu Jian Council.
   939 | D:2      | Reached ** piety under Trog
  1079 | D:2      | Reached skill level 1 in Throwing
  1177 | D:2      | Found a runed translucent door.
  1178 | D:2      | Noticed Crazy Yiuf
  1188 | D:2      | Killed Crazy Yiuf
  1188 | D:2      | Reached XP level 4. HP: 27/44 MP: 3/3
  1226 | D:2      | Found a sparkling altar of Nemelex Xobeh.
  1344 | D:2      | Found a shimmering altar of Xom.
  1694 | D:3      | Found an ancient bone altar of Kikubaaqudgha.
  1847 | D:3      | Noticed Terence
  1854 | D:3      | Killed Terence
  1854 | D:3      | Reached skill level 4 in Unarmed Combat
  1854 | D:3      | Reached XP level 5. HP: 53/53 MP: 4/4
  1950 | D:3      | Noticed Natasha
  1960 | D:3      | Killed Natasha
  1960 | D:3      | Reached *** piety under Trog
  2009 | D:3      | Noticed Natasha
  2030 | D:3      | Killed Natasha
  2406 | D:3      | Reached XP level 6. HP: 61/61 MP: 5/5
  2407 | D:3      | Reached skill level 1 in Stealth
  2584 | D:4      | Reached skill level 1 in Evocations
  2643 | D:4      | Found a basalt altar of Yredelemnul.
  2703 | D:4      | Found an opulent altar of Gozag.
  2793 | D:4      | Found Cadghixia's Distillery.
  2932 | D:4      | Found a staircase to the Ecumenical Temple.
  3108 | D:4      | Found a white marble altar of Elyvilon.
  3227 | D:4      | Reached skill level 5 in Unarmed Combat
  3231 | D:4      | Reached XP level 7. HP: 67/67 MP: 5/7
  3279 | D:4      | Found a glowing silver altar of Zin.
  3279 | D:4      | Found an opulent altar of Gozag.
  3418 | D:5      | Entered Level 5 of the Dungeon
  3438 | D:5      | Found Curraitu's Jewellery Shop.
  3503 | D:5      | Found a runed translucent door.
  3779 | D:5      | Reached **** piety under Trog
  3909 | D:5      | Found a runed translucent door.
  3910 | D:5      | Noticed Jaiteiro's ghost (novice GnSk)
  3922 | D:5      | Killed Jaiteiro's ghost
  3922 | D:5      | Reached skill level 6 in Unarmed Combat
  3922 | D:5      | Reached XP level 8. HP: 78/78 MP: 8/8
  4339 | D:6      | Noticed Duvessa
  4345 | D:6      | Noticed Dowan
  4362 | D:6      | Slain by Dowan

Skill      XL: |  1  2  3  4  5  6  7  8 |
---------------+-------------------------+-----
Throwing       | 1 2 3 |  3.5
Dodging        | 3 4 |  4.1
Fighting       | 3 4 |  4.1
Unarmed Combat | 4 5 6 |  6.9
Stealth        | 1 2 |  2.0
Evocations     | 1 2 |  2.5

Action                   |  1- 3 |  4- 6 |  7- 9 || total
-------------------------+-------+-------+-------++-------
Melee: Unarmed           |   107 |   182 |    89 ||   378
       Punch             |     1 |     1 |     3 ||     5
Invok: Berserk           |     2 |     6 |     4 ||    12
  Use: Scroll            |       |       |     2 ||     2
 Stab: Sleeping          |       |     2 |     1 ||     3
  Eat: Chunk             |    17 |    22 |    14 ||    53
Armor: Animal skin       |    56 |    55 |    26 ||   137
Dodge: Dodged            |    57 |   115 |    45 ||   217
